[Event "Team 45 45 League T61"]
[Site "Internet Chess Club"]
[Date "2014.06.29"]
[Round "5"]
[White "stantheman59"]
[Black "Aquaman"]
[Result "1/2-1/2"]
[WhiteElo "1254"]
[BlackElo "1354"]
[Opening "Caro-Kann defense"]
[ECO "B12"]
[Time "16:04:52"]
[TimeControl "2700+45"]

1. e4 c6 2. d4 d6 3. Nf3 Bg4 4. Be2 Nd7 5. Nc3 Qc7 6. Be3 Ngf6 7. h3 Bh5 8. d5
Ne5 9. Nxe5 Bxe2 10. Qxe2 dxe5 11. dxc6 Qxc6 12. O-O-O e6 13. a3 Bxa3 14. Qb5
Be7 15. Qxc6+ bxc6 16. f3 O-O 17. Rd2 Ne8 18. Rhd1 Nf6 19. g4 a5 20. b3 Bb4 21.
Rd3 c5 22. Na2 Ba3+ 23. Kb1 h6 24. c4 Rab8 25. Kc2 a4 26. Rb1 axb3+ 27. Rbxb3
Rxb3 28. Rxb3 Ra8 29. h4 Ne8 30. Rb6 Nc7 31. Rc6 Na6 32. Kb3 Nb4 33. Nxb4 cxb4
34. g5 hxg5 35. Bxg5 f6 36. Bd2 Kf7 37. Bxb4 Bxb4 38. Kxb4 Rb8+ 39. Kc5 Rb3 40.
Rc7+ Kg6 41. Kd6 Rxf3 42. Kxe6 Rf4 43. c5 Rxe4 44. c6 Rc4 45. Kd5 Rc1 46. Rc8
Kh7 47. Kd6 e4 48. Re8 f5 49. c7 e3 50. Rxe3 Rd1+ 51. Ke7 Rc1 52. Kd7 Rd1+ 53.
Ke6 Rc1 54. Kd7 Rd1+ 55. Ke6 Rc1 56. Kd7 {Game drawn by repetition} 1/2-1/2

[Event "Team 45 45 League T61"]
[Site "Internet Chess Club"]
[Date "2014.06.29"]
[Round "5"]
[White "semperfi"]
[Black "arconia"]
[Result "1-0"]
[WhiteElo "1352"]
[BlackElo "1300"]
[Opening "Queen's pawn: Yusupov-Rubinstein system"]
[ECO "A46"]
[Time "10:02:54"]
[TimeControl "2700+45"]

1. d4 Nf6 2. Nf3 e6 3. e3 Be7 4. Bd3 O-O 5. O-O d6 6. Nbd2 Nc6 7. c3 h6 8. e4
Nh7 9. Qc2 e5 10. d5 Nb8 11. Nc4 Na6 12. b4 b5 13. Ne3 Bb7 14. Bxb5 Rc8 15. Bd2
c6 16. dxc6 Bxc6 17. Bxa6 Rb8 18. Bc4 Nf6 19. Bd3 Nh5 20. Nf5 Bf6 21. Rfe1 Nf4
22. Bxf4 exf4 23. N5d4 Ba8 24. Qd2 g5 25. Nf5 h5 26. h3 Kh7 27. Qe2 Bxc3 28.
Red1 g4 29. hxg4 hxg4 30. N3h4 Rg8 31. e5 Bf3 32. Nxf3 gxf3 33. Qxf3 Qg5 34.
Ne7+ Kg7 35. Nxg8 Rxg8 36. Rab1 dxe5 37. b5 f5 38. Bc4 Bd4 39. Bxg8 e4 40. Qb3
Bxf2+ 41. Kxf2 e3+ 42. Kg1 Kh6 43. Qf7 Qg7 44. Qxg7+ Kxg7 45. Be6 Kf6 46. Rd6
Ke5 47. Ra6 Ke4 48. Rd1 e2 49. Bd5+ Ke5 50. Re6# {Black checkmated} 1-0

[Event "Team 45 45 League T61"]
[Site "Internet Chess Club"]
[Date "2014.06.29"]
[Round "5"]
[White "rhayder"]
[Black "artspir"]
[Result "1-0"]
[WhiteElo "1275"]
[BlackElo "1271"]
[Opening "Caro-Kann: two knights, 3...Bg4"]
[ECO "B10"]
[Time "12:16:15"]
[TimeControl "2700+45"]

1. e4 c6 2. Nf3 d5 3. Nc3 Bg4 4. Be2 Nd7 5. O-O e6 6. h3 Bh5 7. d3 Bd6 8. Be3
Ngf6 9. a3 O-O 10. b4 a6 11. Bg5 Ne5 12. d4 Nxf3+ 13. Bxf3 Be7 14. Bxh5 Nxe4 15.
Nxe4 dxe4 16. Bxe7 Qxe7 17. c4 Rad8 18. Qd2 e5 19. d5 f5 20. Rad1 b5 21. Be2 f4
22. Qc3 f3 23. gxf3 exf3 24. Bxf3 e4 25. Bg2 Rd6 26. dxc6 Rg6 27. Rd5 Rf3 28.
Qe5 Qf8 29. c7 e3 30. Rd8 exf2+ 31. Rxf2 Rxf2 32. Rxf8+ Rxf8 33. Qd5+ Kh8 34.
Qd8 Rf6 35. c8=Q {Black resigns} 1-0

[Event "Team 45 45 League T61"]
[Site "Internet Chess Club"]
[Date "2014.06.29"]
[Round "5"]
[White "mindstorm"]
[Black "tamky70"]
[Result "1-0"]
[WhiteElo "1527"]
[BlackElo "1389"]
[Opening "Owen defense"]
[ECO "B00"]
[Time "09:30:32"]
[TimeControl "2700+45"]

1. e4 b6 2. Nf3 Bb7 3. Nc3 Nf6 4. e5 Nd5 5. Nxd5 Bxd5 6. d4 e6 7. c3 Be7 8. Bd3
d6 9. O-O Nd7 10. Re1 c5 11. exd6 Bxd6 12. dxc5 Nf6 13. cxd6 Qxd6 14. Bb5+ Nd7
15. Bxd7+ Qxd7 16. Ne5 Qe7 17. Qa4+ Kf8 18. Bf4 h6 19. Rad1 g5 20. Bc1 Kg8 21.
Nd7 Rd8 22. Rxd5 Rxd7 23. Rxd7 Qe8 24. Qd4 Kh7 25. Qe4+ Kg8 26. Rxa7 Rh7 27. Ra8
{Black resigns} 1-0

[Event "Team 45 45 League T61"]
[Site "Internet Chess Club"]
[Date "2014.06.26"]
[Round "5"]
[White "fuzzface"]
[Black "princevultan2"]
[Result "1-0"]
[WhiteElo "1350"]
[BlackElo "1145"]
[Opening "Torre attack (Tartakower variation)"]
[ECO "D03"]
[Time "09:00:17"]
[TimeControl "2700+45"]

1. d4 d5 2. Nf3 Nf6 3. Bg5 e6 4. e3 Be7 5. Bd3 O-O 6. O-O h6 7. Bxf6 Bxf6 8. c4
c6 9. Nc3 b6 10. b4 a5 11. bxa5 bxa5 12. Na4 Nd7 13. c5 Ba6 14. Rb1 Bxd3 15.
Qxd3 e5 16. dxe5 Nxe5 17. Nxe5 Bxe5 18. Rb6 Bb8 19. Rxc6 Qh4 20. g3 Qxa4 21.
Qxd5 Ra7 22. Rb6 Bc7 23. Rb7 Rxb7 24. Qxb7 Be5 25. Qe7 Bf6 26. Qb7 Qxa2 27. c6
Qc2 28. c7 a4 29. Rb1 a3 30. Qb8 Rxb8 31. cxb8=Q+ Kh7 32. Rf1 a2 33. Qa7 a1=Q
34. Rxa1 Bxa1 35. Qxa1 Kg6 36. Qa6+ Kh7 37. Kg2 h5 38. Qb7 f6 39. h4 Kh6 40. Qf3
Qb2 41. Qf4+ g5 42. hxg5+ fxg5 43. Qf8+ Qg7 44. Qxg7+ Kxg7 45. Kf3 Kf6 46. e4 h4
47. gxh4 gxh4 48. Kg4 Ke5 49. f3 h3 50. Kxh3 Kf4 51. Kg2 Ke5 52. Kg3 Kf6 53. Kf4
Ke6 54. Ke3 Ke5 55. f4+ Kf6 56. Kd4 Ke6 57. f5+ Kf6 58. Kd5 Ke7 59. e5 Ke8 60.
Kd6 Kf7 61. e6+ Ke8 62. f6 Kf8 63. Kd7 Kg8 64. e7 Kf7 65. e8=Q+ Kxf6 66. Kd6 Kf5
67. Kd5 Kf4 68. Qe5+ Kf3 69. Kd4 Kf2 70. Kd3 Kf3 71. Qe4+ Kf2 72. Qe3+ Kf1 73.
Qe2+ Kg1 74. Ke3 Kh1 75. Kf3 Kg1 76. Qg2# {Black checkmated} 1-0

[Event "Team 45 45 League T61"]
[Site "Internet Chess Club"]
[Date "2014.06.26"]
[Round "5"]
[White "MasterD"]
[Black "wildangels"]
[Result "1-0"]
[WhiteElo "1325"]
[BlackElo "1014"]
[Opening "Pirc defense"]
[ECO "B07"]
[Time "10:00:08"]
[TimeControl "2700+45"]

1. e4 d6 2. d4 Nf6 3. Nc3 e5 4. dxe5 dxe5 5. Qxd8+ Kxd8 6. Nf3 Bd6 7. Bc4 Rf8 8.
O-O Nc6 9. Bg5 Be7 10. Bxf6 Bxf6 11. h3 Be6 12. Rad1+ Ke7 13. Nd5+ Ke8 14. Nxc7+
Ke7 15. Bxe6 fxe6 16. Nxa8 Rxa8 17. Rd2 Nd4 18. Nxd4 exd4 19. f4 e5 20. f5 Ke8
21. Rd3 Rc8 22. c3 Kf7 23. g4 h6 24. Rff3 a5 25. cxd4 Rc1+ 26. Kg2 Rc2+ 27. Rf2
Rc4 28. dxe5 Bxe5 29. Rd7+ Kf6 30. Rxb7 Rxe4 31. Rb5 Bd4 32. Rd2 Be3 33. Re2 Kg5
34. Kf3 Rf4+ 35. Kxe3 g6 36. fxg6+ {Black resigns} 1-0

[Event "Team 45 45 League T61"]
[Site "Internet Chess Club"]
[Date "2014.06.27"]
[Round "5"]
[White "jaybird44"]
[Black "srikrish"]
[Result "0-1"]
[WhiteElo "1113"]
[BlackElo "1059"]
[Opening "Queen's pawn"]
[ECO "A40"]
[Time "17:00:27"]
[TimeControl "2700+45"]

1. d4 e6 2. c4 c5 3. Nf3 cxd4 4. Nxd4 Nc6 5. Nc3 Nxd4 6. Qxd4 b6 7. Qe4 Rb8 8.
Bf4 Nf6 9. Qc2 Ra8 10. e4 d6 11. g3 e5 12. Bg5 Be7 13. Be2 O-O 14. O-O-O h6 15.
Bxf6 Bxf6 16. f4 Qc7 17. Nd5 Qd8 18. Kb1 Ba6 19. h3 Rc8 20. Qa4 Bb7 21. Nxf6+
Qxf6 22. Rhg1 Bc6 23. Qxa7 Bxe4+ 24. Ka1 exf4 25. Rgf1 b5 26. Rxf4 Qe5 27. cxb5
Rc2 28. Qa3 Rxe2 29. b6 Rb8 30. Qb4 Bc6 31. Rc1 h5 32. Qb3 Re1 33. Kb1 Be4+ 34.
Rxe4 Qxe4+ 35. Qc2 Rxc1+ 36. Kxc1 Qe1+ 37. Qd1 Rc8+ 38. Kb1 Qxd1# {White
checkmated} 0-1

[Event "Team 45 45 League T61"]
[Site "Internet Chess Club"]
[Date "2014.07.01"]
[Round "5"]
[White "chessjav"]
[Black "backrankbrawler"]
[Result "1-0"]
[WhiteElo "1837"]
[BlackElo "1804"]
[Opening "Ruy Lopez: closed, Pilnik variation"]
[ECO "C90"]
[Time "10:34:33"]
[TimeControl "2700+45"]

1. e4 e5 2. Nf3 Nc6 3. Bb5 a6 4. Ba4 Nf6 5. O-O Be7 6. Re1 b5 7. Bb3 d6 8. c3
O-O 9. d3 Na5 10. Bc2 c5 11. Nbd2 Qc7 12. Nf1 Nc6 13. Ng3 g6 14. Bg5 Re8 15. Nf1
Rb8 16. Rc1 Nh5 17. Ne3 Qd8 18. Bxe7 Nxe7 19. d4 exd4 20. cxd4 c4 21. d5 Bb7 22.
Nd4 Nc8 23. Nf1 Nb6 24. b4 Nd7 25. Ng3 Ng7 26. a4 Qb6 27. a5 Qd8 28. Qd2 Ne5 29.
f4 Ng4 30. Bd1 Nf6 31. Bf3 Rc8 32. Qc3 Nd7 33. Rcd1 Qh4 34. Nde2 g5 35. Qxg7+
Kxg7 36. Nf5+ Kf8 37. Nxh4 gxh4 38. Nd4 Nf6 39. Nf5 Red8 40. g4 c3 41. Rc1 Rc4
42. Re3 c2 43. Re2 Rxb4 44. Rcxc2 h3 45. Rc7 Rb1+ 46. Kf2 Bc8 47. Nxd6 Nxg4+ 48.
Bxg4 Bxg4 49. Nxf7 Bxe2 50. Nxd8 Bg4 51. Ne6+ Bxe6 52. dxe6 b4 53. f5 b3 54. f6
Rb2+ 55. Kf3 Rc2 56. Rb7 Rc3+ 57. Kf4 Rc8 58. Rxb3 {Black resigns} 1-0

[Event "Team 45 45 League T61"]
[Site "Internet Chess Club"]
[Date "2014.06.30"]
[Round "5"]
[White "amicusUK"]
[Black "Packerfan"]
[Result "0-1"]
[WhiteElo "1632"]
[BlackElo "1825"]
[Opening "Queen's pawn game"]
[ECO "D04"]
[Time "09:00:27"]
[TimeControl "2700+45"]

1. d4 Nf6 2. Nf3 d5 3. e3 c5 4. c3 Bg4 5. h3 Bh5 6. g4 Bg6 7. Ne5 Nc6 8. h4 Bxb1
9. Rxb1 e6 10. Bb5 Qc7 11. Qa4 Rc8 12. Qxa7 Bd6 13. Nxc6 bxc6 14. Qxc7 Rxc7 15.
Be2 Ke7 16. f3 Ra7 17. a3 c4 18. Kf2 Rb8 19. Ra1 Bc7 20. Rd1 Ne8 21. Rd2 Nd6 22.
Bd1 Nb7 23. Bc2 Na5 24. Rb1 Nb3 25. Bxb3 Rxb3 26. Ra1 Rab7 27. Ra2 Bd6 28. Rc2
c5 29. f4 cxd4 30. exd4 g6 31. Re2 Kd7 32. Kf3 Be7 33. g5 Bd8 34. Kf2 Rb8 35.
Ke1 Be7 36. Kd1 Rh8 37. Kc2 h6 38. Bd2 hxg5 39. hxg5 Bd6 40. Ra1 Rhb8 41. Ra2
Rh8 42. Ra1 Rh4 43. Rf2 Ke7 44. Rg1 Rb8 45. Rgf1 Rbh8 46. Kb1 Rh2 47. Rxh2 Rxh2
48. Kc1 Kd7 49. Kd1 Kc6 50. Ke1 Kb5 51. Bc1 Ka4 52. Rf2 Rxf2 53. Kxf2 Kb3 54.
Ke2 Kc2 55. Bd2 Kxb2 56. a4 Bc7 57. Kd1 Kb3 58. Kc1 Kxa4 59. Kb2 Bd6 60. Ka2 Ba3
61. Be3 Bd6 62. Bc1 Bc7 63. Be3 Bd8 64. Bc1 Kb5 65. Be3 Kc6 66. Kb2 Kd7 67. Kc2
Ke7 68. Kd1 f6 69. Ke2 fxg5 70. fxg5 e5 71. dxe5 Ke6 72. Bf4 Bc7 73. Kf3 Bxe5
74. Bxe5 Kxe5 75. Ke3 Kf5 76. Kd4 Kxg5 77. Kxd5 Kf4 78. Kxc4 g5 79. Kd3 Kf3 80.
c4 g4 81. c5 g3 82. c6 g2 83. c7 g1=Q 84. c8=Q Qd1+ {White resigns} 0-1

[Event "Team 45 45 League T61"]
[Site "Internet Chess Club"]
[Date "2014.06.27"]
[Round "5"]
[White "tryanything"]
[Black "burnsy"]
[Result "1/2-1/2"]
[WhiteElo "1619"]
[BlackElo "1658"]
[Opening "King's Indian: London system"]
[ECO "A48"]
[Time "20:00:28"]
[TimeControl "2700+45"]

1. d4 Nf6 2. Nf3 g6 3. Bf4 Bg7 4. e3 Nh5 5. Bg5 d6 6. h3 h6 7. Bh4 g5 8. Nfd2
Nf6 9. Bg3 Bf5 10. Bd3 Bxd3 11. cxd3 Qd7 12. Nc3 Nc6 13. Nde4 O-O-O 14. Qb3 Nxe4
15. dxe4 f5 16. exf5 Qxf5 17. O-O-O a6 18. f3 Na5 19. Qd5 Qxd5 20. Nxd5 e6 21.
Nb4 Nc4 22. Rd3 c5 23. Rc3 b5 24. Nc2 Kb7 25. b3 cxd4 26. exd4 Nb6 27. Re1 Nd5
28. Rd3 Rhe8 29. Kd2 Rc8 30. Bxd6 Rc6 31. Be5 Bxe5 32. dxe5 Rxc2+ 33. Kxc2 Nb4+
34. Kd2 Nxd3 35. Kxd3 Rd8+ 36. Ke3 Rc8 37. Re2 Rc5 38. Ke4 a5 39. Rd2 Rc1 40.
Rd7+ Kc8 41. Rd2 a4 42. bxa4 Rc4+ 43. Kd3 Rxa4 44. Re2 Kb7 45. Kc3 {Game drawn
by mutual agreement} 1/2-1/2

[Event "Team 45 45 League T61"]
[Site "Internet Chess Club"]
[Date "2014.06.26"]
[Round "5"]
[White "losscause"]
[Black "Aquaman"]
[Result "1/2-1/2"]
[WhiteElo "1596"]
[BlackElo "1359"]
[Opening "Queen's pawn"]
[ECO "A40"]
[Time "21:01:28"]
[TimeControl "2700+45"]

1. d4 c6 2. Nf3 Nf6 3. c4 d6 4. Nc3 Bg4 5. e3 Nbd7 6. Be2 Qc7 7. h3 Bxf3 8. Bxf3
e5 9. d5 Be7 10. e4 O-O 11. O-O h6 12. Be3 Nh7 13. Bg4 Ng5 14. Bf5 g6 15. Bxg5
Bxg5 16. h4 Be7 17. Qg4 Nf6 18. Qg3 Kh7 19. Bh3 Nh5 20. Qg4 Nf4 21. g3 Nxh3+ 22.
Qxh3 Qc8 23. Qxc8 Raxc8 24. b3 f5 25. f4 exf4 26. Rxf4 Bf6 27. Rc1 Bd4+ 28. Kg2
Be3 29. Rcf1 Bxf4 30. Rxf4 Kg7 31. dxc6 bxc6 32. exf5 gxf5 33. Rf2 Rce8 34. Ne2
Re5 35. Nd4 c5 36. Ne2 {Game drawn by mutual agreement} 1/2-1/2

[Event "Team 45 45 League T61"]
[Site "Internet Chess Club"]
[Date "2014.06.28"]
[Round "5"]
[White "xt"]
[Black "misuc56"]
[Result "1/2-1/2"]
[WhiteElo "1721"]
[BlackElo "1836"]
[Opening "Sicilian defense"]
[ECO "B32"]
[Time "14:08:00"]
[TimeControl "2700+45"]

1. e4 c5 2. Nf3 Nc6 3. d4 cxd4 4. Nxd4 d6 5. Nc3 g6 6. Bb5 Bd7 7. O-O Bg7 8. Be3
a6 9. Bc4 Nf6 10. f3 Rb8 11. Qd2 Ne5 12. Bb3 b5 13. a3 Nc4 14. Bxc4 bxc4 15.
Rab1 O-O 16. Qe2 Qc8 17. Qd2 Rd8 18. Na2 a5 19. Nc3 h5 20. Nce2 Nh7 21. Ng3 h4
22. Nh1 a4 23. c3 e6 24. Nf2 d5 25. Bg5 f6 26. Bxh4 dxe4 27. Nxe4 g5 28. Bf2 e5
29. Nc2 Be6 30. Qe3 Rd3 31. Qc5 Qd8 32. Nb4 Bf8 33. Qa7 Bxb4 34. cxb4 Bf5 35.
Qxa4 Bxe4 36. fxe4 Qd7 37. Qc2 Rc8 38. Rfd1 Rxd1+ 39. Rxd1 Qe6 40. Bc5 Nf8 41.
Qd2 Qc6 42. Qd5+ Qxd5 43. Rxd5 Ne6 44. Kf2 Kf7 45. g3 Rh8 46. Kg2 g4 47. Rd7+
Kg6 48. Be3 Rb8 49. Rd6 Nd8 50. Ba7 Rc8 51. Bc5 Nf7 52. Rd2 Ng5 53. Re2 Ne6 54.
Rc2 Nxc5 55. bxc5 Rxc5 56. b4 Rc8 57. a4 c3 58. h4 gxh3+ 59. Kxh3 Rc4 60. b5
Rxa4 61. Rxc3 Rb4 62. Rc5 Rxe4 63. b6 Rb4 64. Rc6 e4 65. Kg2 Kg5 66. Kf2 Rb3 67.
Re6 f5 68. Rc6 Rf3+ 69. Kg2 Rb3 70. Kf2 Kg4 71. Rg6+ Kh5 72. Re6 Kg5 73. Rd6 f4
74. gxf4+ Kxf4 75. Rf6+ Ke5 76. Rh6 Kd4 77. Rd6+ Ke5 78. Rh6 Kd5 79. Ke2 Kc5 80.
Re6 Kd5 81. Rh6 Ke5 82. Rg6 Kd5 83. Rh6 Kc5 84. Re6 Kd4 85. Rd6+ Kc5 86. Re6 Kd5
87. Rh6 {Game drawn by repetition} 1/2-1/2

[Event "Team 45 45 League T61"]
[Site "Internet Chess Club"]
[Date "2014.06.27"]
[Round "5"]
[White "supermessi"]
[Black "SugarIslander"]
[Result "1-0"]
[WhiteElo "1547"]
[BlackElo "1644"]
[Opening "QGD Slav: 4.e3 Bf5"]
[ECO "D12"]
[Time "18:00:12"]
[TimeControl "2700+45"]

1. d4 d5 2. c4 c6 3. Nf3 Nf6 4. e3 Bf5 5. Nc3 e6 6. Nh4 Bg4 7. Nf3 dxc4 8. Bxc4
Bb4 9. Bd2 Nd5 10. e4 Nxc3 11. bxc3 Ba5 12. h3 Bh5 13. Qb3 b5 14. Bxb5 cxb5 15.
Qxb5+ Nd7 16. Qxh5 Rb8 17. Ng5 Qe7 18. Nxf7 Qxf7 19. Qxa5 O-O 20. O-O Rb2 21.
Be3 Nb6 22. Qa6 Qc7 23. Rac1 Kf7 24. c4 Re8 25. c5 Nd7 26. d5 exd5 27. exd5 Qe5
28. Qxa7 Qxd5 29. c6 Re7 30. Rfd1 Qf5 31. Rxd7 Rxf2 32. Rxe7+ Kg6 33. Rxg7+ Kh5
{Black resigns} 1-0

[Event "Team 45 45 League T61"]
[Site "Internet Chess Club"]
[Date "2014.06.29"]
[Round "5"]
[White "mongmong"]
[Black "smsxman"]
[Result "1-0"]
[WhiteElo "1606"]
[BlackElo "1387"]
[Opening "Queen's pawn game"]
[ECO "D05"]
[Time "09:00:41"]
[TimeControl "2700+45"]

1. d4 Nf6 2. Nf3 e6 3. e3 d5 4. Bd3 Nc6 5. c3 Bd7 6. Nbd2 Be7 7. O-O O-O 8. Qe2
a6 9. e4 dxe4 10. Nxe4 b5 11. h3 Re8 12. Bf4 Nd5 13. Bh2 Bd6 14. Bxd6 cxd6 15.
Nxd6 Rf8 16. Nb7 Qe7 17. Nc5 Nf4 18. Qe4 Nxd3 19. Nxd3 Na5 20. Nde5 f5 21. Qe2
Rad8 22. Rfe1 Nc6 23. Nxd7 Rxd7 24. Qxe6+ Qxe6 25. Rxe6 Nb8 26. Rae1 h6 27. Ne5
Rc7 28. Ng6 Rc6 29. Nxf8 Kxf8 30. Rxc6 Nxc6 31. Re6 Nb8 32. Rb6 {Black resigns}
1-0

[Event "Team 45 45 League T61"]
[Site "Internet Chess Club"]
[Date "2014.06.26"]
[Round "5"]
[White "bluesun"]
[Black "AdithJosh"]
[Result "1-0"]
[WhiteElo "1534"]
[BlackElo "1401"]
[Opening "Sicilian: Canal-Sokolsky attack, Sokolsky variation"]
[ECO "B52"]
[Time "20:05:14"]
[TimeControl "2700+45"]

1. e4 c5 2. Nf3 d6 3. Bb5+ Bd7 4. Bxd7+ Qxd7 5. c4 Nf6 6. Nc3 Nc6 7. d4 cxd4 8.
Nxd4 g6 9. f3 Bg7 10. Be3 Ne5 11. b3 O-O 12. O-O Rac8 13. Nde2 a6 14. Na4 Rc6
15. Nd4 Rc7 16. Nb6 Qd8 17. Qd2 Nfd7 18. Nd5 Rc8 19. Bg5 Re8 20. Rad1 Nc6 21.
Ne2 Nb6 22. Ne3 Nd7 23. f4 Nc5 24. Ng3 Bd4 25. Kh1 Ne6 26. Bh6 Qb6 27. Nd5 Qd8
28. f5 Nc7 29. Nf4 Bg7 30. Nfh5 Bh8 31. Qf4 e5 32. fxe6 Bg7 33. Qxf7+ Kh8 34.
Bxg7# {Black checkmated} 1-0

[Event "Team 45 45 League T61"]
[Site "Internet Chess Club"]
[Date "2014.06.27"]
[Round "5"]
[White "Jet1234"]
[Black "chesscharm"]
[Result "1-0"]
[WhiteElo "1334"]
[BlackElo "1231"]
[Opening "Bishop's opening: Berlin defense"]
[ECO "C24"]
[Time "11:00:38"]
[TimeControl "2700+45"]

1. e4 e5 2. Bc4 Nf6 3. d3 h6 4. Nc3 Nc6 5. f4 d6 6. Nf3 Bg4 7. O-O Nd4 8. h3
Nxf3+ 9. gxf3 Bxh3 10. Re1 Nh5 11. f5 Be7 12. Re2 Nf4 13. Rh2 O-O 14. Bxf4 exf4
15. Rxh3 Bh4 16. Ne2 Qg5+ 17. Kf1 Rad8 18. Qd2 c6 19. Qxf4 Qxf4 20. Nxf4 Bg5 21.
Ne2 d5 22. Bb3 dxe4 23. dxe4 Rd2 24. Rb1 Be3 25. f4 Bb6 26. e5 Bc5 27. f6 gxf6
28. Rg3+ Kh7 29. exf6 Re8 30. Re1 Rd7 31. Rg7+ Kh8 32. Ng3 Red8 33. Nf5 Rg8 34.
Rxg8+ Kxg8 35. Nxh6+ Kf8 36. Bxf7 Rd2 37. Re8# {Black checkmated} 1-0

[Event "Team 45 45 League T61"]
[Site "Internet Chess Club"]
[Date "2014.06.30"]
[Round "5"]
[White "moodle"]
[Black "Striker3000"]
[Result "1-0"]
[WhiteElo "1466"]
[BlackElo "1221"]
[Opening "Four knights: double Ruy Lopez"]
[ECO "C49"]
[Time "17:00:17"]
[TimeControl "2700+45"]

1. e4 e5 2. Nf3 Nc6 3. Nc3 Nf6 4. Bb5 Bb4 5. d3 O-O 6. Bxc6 dxc6 7. O-O Re8 8.
h3 Be6 9. Bg5 Qe7 10. Ne2 h6 11. Bh4 Bd7 12. a3 Bc5 13. Qd2 Qd6 14. Bg3 Qe6 15.
Nxe5 Qd6 16. Nxd7 Qxd7 17. Qc3 Bb6 18. Be5 Re6 19. Nf4 Rxe5 20. Qxe5 Bd4 21. Qf5
Qxf5 22. exf5 Bxb2 23. Rab1 Be5 24. Ne2 b6 25. Rb3 Re8 26. Re1 Nd5 27. Kf1 g5
28. fxg6 fxg6 29. Nd4 Re6 30. Nxe6 {Black resigns} 1-0

[Event "Team 45 45 League T61"]
[Site "Internet Chess Club"]
[Date "2014.06.26"]
[Round "5"]
[White "trifire"]
[Black "Bizzy-Ketty"]
[Result "0-1"]
[WhiteElo "1452"]
[BlackElo "1496"]
[Opening "Anderssen's opening"]
[ECO "A00"]
[Time "19:01:19"]
[TimeControl "2700+45"]

1. a3 e5 2. c4 Nf6 3. d3 d5 4. cxd5 Nxd5 5. Nf3 Nc6 6. g3 Bg4 7. Bg2 Bc5 8. O-O
O-O 9. Nc3 Nb6 10. Nd2 Bd7 11. Nde4 Be7 12. b4 a6 13. Bb2 Bf5 14. Nc5 Bxc5 15.
bxc5 Nc8 16. Qc2 Nd4 17. Qd2 Nb3 18. Qc1 Nxc1 19. Rfxc1 Rb8 20. Nd5 Re8 21. Ne3
Bg6 22. Ng4 f6 23. Ne3 Ne7 24. Nc2 b6 25. cxb6 Rxb6 26. Rab1 Qd6 27. d4 Reb8 28.
dxe5 fxe5 29. Nb4 a5 30. Rd1 Qf6 31. Nd3 Bxd3 {White resigns} 0-1

[Event "Team 45 45 League T61"]
[Site "Internet Chess Club"]
[Date "2014.06.30"]
[Round "5"]
[White "mongmong"]
[Black "clarinetref"]
[Result "1/2-1/2"]
[WhiteElo "1605"]
[BlackElo "1607"]
[Opening "King's Indian: orthodox, Donner variation"]
[ECO "E91"]
[Time "20:42:16"]
[TimeControl "2700+45"]

1. d4 g6 2. Nf3 Bg7 3. c4 d6 4. Nc3 Nf6 5. e4 O-O 6. Be2 c6 7. O-O e5 8. Be3 Ng4
9. Bg5 f6 10. Bc1 exd4 11. Nxd4 Ne5 12. f4 Nf7 13. Nf3 Qb6+ 14. Kh1 Na6 15. Na4
Qc7 16. Qc2 Bd7 17. c5 b5 18. cxd6 Nxd6 19. Nc5 Nxc5 20. Qxc5 Nxe4 21. Qc2 Bf5
22. Bd3 Rfe8 23. Nd4 Qd7 24. Nxf5 gxf5 25. Be2 Rad8 26. Bf3 Qd3 27. Qxd3 Rxd3
28. g3 Red8 29. b3 Nd2 30. Bxd2 Rxd2 31. Bxc6 a6 32. Bb7 R8d6 33. Bf3 Bf8 34.
Rfd1 Kf7 35. Kg1 R6d3 36. Be2 Bc5+ 37. Kf1 Rd6 38. a4 bxa4 39. bxa4 a5 40. Rxd2
Rxd2 41. Rd1 Ra2 42. Rd7+ Kf8 43. Rxh7 Rxa4 44. Rh8+ Kg7 45. Rc8 Ra1+ 46. Kg2
Bb4 47. Bd3 a4 48. Bxf5 a3 49. Rb8 Bc5 50. Ra8 a2 51. Kh3 Bd4 52. Be6 Re1 53.
Bxa2 Re2 54. Bc4 Rc2 55. Bd3 Rd2 56. Be4 Bg1 57. Bg2 f5 58. Ra1 Rd6 59. Bf3 Bd4
60. Rb1 Rh6+ 61. Kg2 Ra6 62. Rd1 Ra2+ 63. Kh3 Bf6 64. Bc6 Rc2 65. Bd7 Rc5 66.
Rb1 Rd5 67. Rb7 Kg6 68. Be8+ Kh6 69. Rf7 Bd8 70. Rd7 Rxd7 71. Bxd7 Kg6 72. Kg2
Bc7 73. Kf3 Bb6 74. h3 Bc7 75. g4 fxg4+ 76. hxg4 Bd8 77. Ke4 Bf6 78. Bf5+ Kh6
79. Bd7 Kg6 80. Be8+ Kh6 81. Kf5 Bd8 82. g5+ Kg7 83. Bh5 Bc7 84. Kg4 Bd8 85. f5
Be7 86. Kf4 Bd8 87. Be8 Bc7+ 88. Kg4 Be5 89. Kh5 Bc3 90. Kg4 Bb2 91. Kf4 Bc1+
92. Kg4 Bb2 93. g6 Bf6 94. Bd7 Be5 95. Kf3 Bf6 96. Ke4 Bc3 97. Kd5 Bf6 98. Ke6
Bc3 99. Ke7 Bf6+ 100. Ke8 Bc3 {Game drawn by mutual agreement} 1/2-1/2

[Event "Team 45 45 League T61"]
[Site "Internet Chess Club"]
[Date "2014.06.28"]
[Round "5"]
[White "medsurg"]
[Black "guyd52"]
[Result "1-0"]
[WhiteElo "1397"]
[BlackElo "1335"]
[Opening "King's Indian: orthodox, 7...Nbd7, 8.Re1"]
[ECO "E95"]
[Time "20:00:22"]
[TimeControl "2700+45"]

1. d4 Nf6 2. c4 g6 3. Nf3 d6 4. Nc3 Bg7 5. e4 O-O 6. Be2 Nbd7 7. O-O e5 8. Re1
exd4 9. Nxd4 Nc5 10. Bf3 Re8 11. b4 Ne6 12. Nde2 Nf8 13. Rb1 Bg4 14. Ng3 Qd7 15.
Bg5 Bxf3 16. Qxf3 Qg4 17. Qxg4 Nxg4 18. Nd5 Ne6 19. Bd2 Bd4 20. Ne3 Nxe3 21.
Bxe3 Bc3 22. Red1 Nd8 23. f3 Nc6 24. a3 b6 25. Rd3 Bf6 26. Ne2 Ne5 27. Rc3 Nd7
28. Rc2 c5 29. Nf4 Ne5 30. Nd5 Bd8 31. b5 Kg7 32. Kf2 a6 33. a4 axb5 34. axb5
Ra4 35. Bf4 Re6 36. Bxe5+ Rxe5 37. Re1 Rh5 38. Kg1 Ra3 39. Rf1 Re5 40. g3 Re6
41. Kg2 h5 42. h3 Ra8 43. Rff2 Rb8 44. Ra2 Re5 45. Ra7 Re8 46. Rd7 Re6 47. Ra2
h4 48. g4 Kf8 49. Raa7 f6 50. Rh7 g5 51. Rh8# {Black checkmated} 1-0

[Event "Team 45 45 League T61"]
[Site "Internet Chess Club"]
[Date "2014.06.26"]
[Round "5"]
[White "Kali-Linux"]
[Black "lemorgado"]
[Result "0-1"]
[WhiteElo "1963"]
[BlackElo "1999"]
[Opening "Caro-Kann: exchange variation"]
[ECO "B13"]
[Time "21:00:49"]
[TimeControl "2700+45"]

1. e4 c6 2. d4 d5 3. exd5 Qxd5 4. Nc3 Qd8 5. Bc4 Bf5 6. g4 Bg6 7. f4 e6 8. Nf3
h5 9. f5 exf5 10. gxf5 Bxf5 11. O-O Bg4 12. Bxf7+ Kxf7 13. Ne5+ Ke8 14. Qd3 Qd6
15. Nf7 Qe6 16. Bg5 Qxf7 17. Rxf7 Kxf7 18. Rf1+ Nf6 19. Ne4 Nd7 20. Qb3+ Be6 21.
Qxb7 Be7 22. Qxc6 Rhc8 23. Nd6+ Bxd6 24. Qxd6 Rxc2 25. Rf2 Rxf2 26. Kxf2 Ne4+
{White resigns} 0-1

[Event "Team 45 45 League T61"]
[Site "Internet Chess Club"]
[Date "2014.06.30"]
[Round "5"]
[White "chessjav"]
[Black "matein7"]
[Result "0-1"]
[WhiteElo "1821"]
[BlackElo "1787"]
[Opening "Scandinavian defense"]
[ECO "B01"]
[Time "19:20:44"]
[TimeControl "2700+45"]

1. e4 d5 2. exd5 Nf6 3. d4 Bg4 4. Nf3 Nxd5 5. Be2 e6 6. c4 Bb4+ 7. Bd2 Bxd2+ 8.
Qxd2 Nb6 9. Na3 Nc6 10. Rd1 O-O 11. O-O Qe7 12. Qf4 Bh5 13. Rfe1 Qb4 14. Qd2
Rfd8 15. Qc3 Na4 16. Qb3 Bg6 17. d5 Nc5 18. Qxb4 Nxb4 19. Nb5 c6 20. Nc7 Rac8
21. d6 Nbd3 22. Bxd3 Nxd3 23. Re3 Rxd6 24. Ne5 Rxc7 25. Nxg6 Rcd7 26. Nh4 Nxb2
27. Rxd6 Rxd6 28. h3 Nxc4 29. Re4 Rd1+ 30. Kh2 Nd2 31. Ra4 Nf1+ 32. Kg1 a6 33.
a3 g5 34. Nf3 Nd2+ 35. Kh2 Nxf3+ 36. gxf3 f5 37. Kg3 Kf7 38. Rc4 f4+ 39. Kg2 Ra1
40. Rc3 Kf6 41. Rb3 b5 42. Rc3 a5 43. Kh2 a4 44. Kg2 h6 45. Kh2 b4 46. axb4 a3
47. Rxc6 Rf1 48. Rc2 Ra1 49. b5 a2 50. Rc7 Rb1 51. Ra7 a1=Q 52. Rxa1 Rxa1 53. b6
Rb1 54. Kg2 Rxb6 55. Kh2 Rb1 56. Kg2 h5 57. Kh2 h4 {White resigns} 0-1